 Dungeon Crawl Stone Soup version 0.20-a0-1078-g4874019 (webtiles) character file.

26695 mopl the Umbral (level 13, 0/105 HPs)
             Began as a Demonspawn Assassin on Apr 30, 2017.
             Was an Elder of Dithmenos.
             Slain by a komodo dragon (22 damage)
             ... on level 2 of the Lair of Beasts.
             The game lasted 00:52:25 (20205 turns).

mopl the Umbral (Demonspawn Assassin)              Turns: 20205, Time: 00:52:26

Health: 0/105      AC: 12    Str: 12    XL:     13   Next: 0%
Magic:  0/21       EV: 12    Int: 12    God:    Dithmenos [****..]
Gold:   544        SH:  0    Dex: 25    Spells: 2/14 levels left

rFire    . . .     SeeInvis .   a - +1 dagger (venom)
rCold    . . .     Gourm    .   (no shield)
rNeg     . . .     Faith    .   I - +2 robe {MR+}
rPois    +         Spirit   +   L - +0 helmet
rElec    .         Reflect  .   d - +0 cloak
rCorr    .         Harm     .   x - +0 pair of gloves
MR       +....                  v - +0 pair of boots
Stlth    ++++++++..             (no amulet)
Regen    0.3/turn               k - +5 ring of dexterity
MPRegen  0.2/turn               y - ring of poison resistance

@: wreathed by umbra, studying Fighting
A: hooves 2, iridescent scales 2, demonic guardian 1, magic shield
a: Shadow Step, Renounce Religion


You were on level 2 of the Lair of Beasts.
You worshipped Dithmenos.
Dithmenos was greatly pleased with you.
You were not hungry.

You visited 3 branches of the dungeon, and saw 14 of its levels.
You also visited: Bailey.

You collected 784 gold pieces.
You spent 240 gold pieces at shops.

Inventory:

Hand Weapons
 a - a +1 dagger of venom (weapon)
 b - a +0 blowgun
Missiles
 e - 40 poisoned needles
 f - 2 curare-tipped needles
 l - a throwing net (quivered)
 T - 15 javelins of returning
Armour
 d - a +0 cloak (worn)
 v - a +0 pair of boots (worn)
 x - a +0 pair of gloves (worn)
 I - a +2 robe of magic resistance (worn)
 L - a +0 helmet (worn)
 O - a +0 buckler
Jewellery
 k - a +5 ring of dexterity (left hand)
 y - a ring of poison resistance (right hand)
 F - an uncursed ring of fire
 Z - an uncursed ring of positive energy
Wands
 q - a wand of paralysis (0/24)
 u - a wand of digging (10/24)
 G - a wand of confusion (10/48)
 S - a wand of disintegration (5/24)
 V - a wand of polymorph (6/24)
 Y - a wand of paralysis (0/24)
Scrolls
 h - a scroll of fear {unknown}
 j - a scroll of enchant weapon {unknown}
 o - 2 scrolls of magic mapping {unknown}
 s - 4 scrolls of remove curse
 t - 6 scrolls of teleportation
 z - a scroll of blinking {unknown}
 H - a scroll of noise {unknown}
 M - 4 scrolls of amnesia {unknown}
 P - 3 scrolls of immolation {unknown}
 Q - 3 scrolls of fog {unknown}
Potions
 c - 5 potions of lignification {unknown}
 i - 2 potions of haste
 m - 2 potions of resistance {unknown}
 n - 4 potions of brilliance {unknown}
 p - 3 potions of degeneration {unknown}
 C - 7 potions of curing
 D - 2 potions of agility
 E - 2 potions of heal wounds
 X - 2 potions of might
Books
 N - a book of Maledictions

   Spells                             Type                      Level
   a - Corona                         Hexes                        1
   b - Ensorcelled Hibernation        Hexes/Ice                    2
   c - Confuse                        Hexes                        3
   d - Tukima's Dance                 Hexes                        3
   e - Dazzling Spray                 Conjuration/Hexes            3
 W - a manual of Fighting
Miscellaneous
 r - a lightning rod (4/4)
Comestibles
 g - 7 bread rations
 w - 2 chunks of flesh


   Skills:
 + Level 10.9 Fighting
 + Level 9.5 Short Blades
 + Level 7.4 Throwing
 - Level 0.8 Dodging
 * Level 11.8 Stealth
 + Level 1.3 Spellcasting
 * Level 1.9 Hexes
 + Level 11.8 Invocations
 - Level 6.8 Evocations


You had 2 spell levels left.
You knew the following spells:

 Your Spells              Type           Power        Failure   Level  Hunger
a - Vampiric Draining     Necr           #.........   65%         3    ####...
b - Ensorcelled Hibernat  Hex/Ice        #.....       30%         2    ###....
c - Confuse               Hex            #.......     38%         3    ####...
r - Regeneration          Chrm/Necr      #.........   65%         3    ####...
x - Animate Skeleton      Necr           N/A          28%         1    ##.....


Dungeon Overview and Level Annotations

Branches:
Dungeon (11/15)            Temple (1/1) D:5            Lair (2/6) D:11
    Orc (0/2) D:9
  Swamp: Lair:2-4    Shoals: Lair:2-4     Snake: Lair:2-4    Spider: Lair:2-4

Altars:
Ashenzari
Cheibriados
Dithmenos
Elyvilon
Fedhas
Gozag
Hepliaklqana
Kikubaaqudgha
Makhleb
Nemelex Xobeh
Okawaru
Qazlal
Ru
Sif Muna
Trog
Uskayaw
Vehumet
Wu Jian
Xom
Yredelemnul
Zin
The Shining One

Shops:
D:6 *

Annotations:
D:7 exclusion: door


Innate Abilities, Weirdness & Mutations

You have hoof-like feet.
You are mostly covered in iridescent scales. (AC +4)
A weak demonic guardian rushes to your aid.
When hurt, damage is shared between your health and your magic reserves.


Message History

* * * LOW HITPOINT WARNING * * *
Your quasit bites the komodo dragon but does no damage.
Your quasit barely misses the komodo dragon.
Your quasit claws the komodo dragon.
Your quasit bites the komodo dragon but does no damage.
Your quasit claws the komodo dragon but does no damage.
Your quasit barely misses the komodo dragon.
Your white imp hits the komodo dragon but does no damage.
Evoke which item? (* to show all) (? for menu, Esc to quit)
Aiming: Paralyse (will waste charges)
Press: ? - help, Shift-Dir - straight line, f - komodo dragon
Aim: a komodo dragon (umbra, chance to defeat MR: 50%)
The komodo dragon resists with some effort.
Evoking this partially-identified wand wasted a few charges.
Evoke which item? (* to show all) (? for menu, Esc to quit)
Aiming: Paralyse (will waste charges)
Press: ? - help, Shift-Dir - straight line, f/p - komodo dragon
Aim: a komodo dragon (umbra, chance to defeat MR: 50%) Nothing appears to happen.
The komodo dragon bites you!!
You die...

#P........../......#
##........##.......#
#......<.###.....##
##......####....##
#.......##.#..##
#....#######.## #...##
##...# #.#.#####....#
#######..55l@..#
###..............#
###............#....#
...........######......
......###.## ###.....
...#### ### ..... #.#
..... .# .... .


You could see a komodo dragon, a friendly quasit and a friendly white imp.

Vanquished Creatures
  Harold (D:11)
  4 hydras (Lair:1)
  Erolcha (D:11)
  2 two-headed ogres
  A deep elf mage (D:11)
  An ugly thing (D:11)
  A cyclops (D:9)
  The ghost of Paps the Covert, a novice OpAs of Gozag (D:7)
  A black mamba (Lair:2)
  A rime drake (Lair:1)
  2 komodo dragons (Lair:1)
  2 trolls
  Prince Ribbit (D:7)
  3 blink frogs (Lair:1)
  A wyvern (D:8)
  A basilisk (Lair:1)
  Grum (D:9)
  12 yaks
  A human (D:8)
  Menkaure (D:7)
  2 water moccasins
  5 porcupines
  A black bear (D:7)
  A slave (D:4)
  4 ogres
  16 orc warriors
  An ice beast (D:5)
  2 hornet zombies
  A phantom (D:5)
  4 sky beasts
  12 centaurs
  5 crocodiles
  6 wolves
  2 big kobolds
  5 bullfrogs
  A wyvern skeleton (D:10)
  4 scorpions
  7 killer bees
  5 wights
  6 electric eels (D:6)
  2 crimson imps
  A centaur zombie (D:5)
  2 bullfrog zombies
  5 hounds
  4 jellies
  6 orc priests
  Crazy Yiuf (D:7)
  A centaur skeleton (D:9)
  A bullfrog skeleton (D:10)
  6 iguanas
  9 orc wizards
  12 worker ants
  A hound zombie (D:6)
  A hound skeleton (D:5)
  A howler monkey skeleton (D:7)
  3 gnolls
  9 adders
  5 shadow imps
  5 oozes
  2 worms
  5 leopard geckos
  69 orcs
  3 bats
  9 giant cockroaches
  6 goblins
  11 hobgoblins
  6 jackals
  12 kobolds
  6 quokkas
  A ball python (D:5)
  A frilled lizard (D:1)
  2 leopard gecko skeletons
  2 leopard gecko zombies
  A quokka zombie (D:6)
  7 rats
347 creatures vanquished.

Vanquished Creatures (collateral kills)
  A two-headed ogre (D:8)
  Pikel (D:4)
  Sigmund (D:5)
  A wolf (Lair:2)
  A centaur (Bailey)
  2 killer bees (D:8)
  An orc priest (D:3)
  An orc wizard (D:6)
  A worker ant (D:4)
  A gnoll (D:3)
  A leopard gecko (D:11)
  7 orcs
  A quokka (D:9)
20 creatures vanquished.

Vanquished Creatures (others)
  A howler monkey (D:4)
  An orc (Bailey)
  A fungus (Lair:1)
  2 plants
5 creatures vanquished.

Grand Total: 372 creatures vanquished

Notes
Turn   | Place    | Note
-------+----------+-------------------------------------------
     0 | D:1      | mopl the Demonspawn Assassin began the quest for the Orb.
     0 | D:1      | Reached XP level 1. HP: 16/16 MP: 1/1
   148 | D:1      | Gained mutation: You are partially covered in iridescent scales. (AC +2) [demonic ancestry]
   148 | D:1      | Reached XP level 2. HP: 22/22 MP: 2/2
   159 | D:1      | Reached skill level 2 in Short Blades
   159 | D:1      | Reached skill level 2 in Throwing
   159 | D:1      | Reached skill level 4 in Stealth
   460 | D:1      | Gained mutation: You have large cloven feet. [demonic ancestry]
   460 | D:1      | Reached XP level 3. HP: 27/27 MP: 3/3
   991 | D:2      | Found a snail-covered altar of Cheibriados.
   991 | D:2      | Found a sparkling altar of Nemelex Xobeh.
   996 | D:2      | Found a burning altar of Makhleb.
   998 | D:2      | Found a white marble altar of Elyvilon.
   999 | D:2      | Found a glowing golden altar of the Shining One.
  1074 | D:2      | Gained mutation: A weak demonic guardian rushes to your aid. [demonic ancestry]
  1074 | D:2      | Reached XP level 4. HP: 25/33 MP: 4/4
  1400 | D:2      | Found an iron altar of Okawaru.
  1845 | D:3      | Reached skill level 5 in Stealth
  2476 | D:4      | Reached XP level 5. HP: 38/38 MP: 5/5
  2490 | D:3      | Reached skill level 3 in Short Blades
  2995 | D:4      | Reached skill level 3 in Throwing
  2995 | D:4      | Reached XP level 6. HP: 26/44 MP: 6/6
  3581 | D:4      | Noticed a slave
  3586 | D:4      | Noticed a slave
  3587 | D:4      | Found a shimmering altar of Xom.
  3587 | D:4      | Noticed Pikel
  3587 | D:4      | Noticed a slave
  3590 | D:4      | Noticed a slave
  3615 | D:4      | Killed a slave
  3625 | D:4      | Killed Pikel
  3625 | D:4      | Reached skill level 4 in Short Blades
  3625 | D:4      | Reached skill level 6 in Stealth
  3625 | D:4      | Reached skill level 1 in Evocations
  3625 | D:4      | Gained mutation: When hurt, damage is shared between your health and your magic reserves. [demonic ancestry]
  3625 | D:4      | Reached XP level 7. HP: 19/50 MP: 6/8
  3991 | D:5      | Entered Level 5 of the Dungeon
  4006 | D:5      | Noticed Sigmund
  4026 | D:5      | Killed Sigmund
  4026 | D:5      | Reached skill level 7 in Stealth
  4026 | D:5      | Reached skill level 2 in Evocations
  4051 | D:5      | Found an ornate altar of the Wu Jian Council.
  4083 | D:5      | Reached skill level 4 in Throwing
  4119 | D:5      | Gained mutation: You are mostly covered in iridescent scales. (AC +4) [demonic ancestry]
  4119 | D:5      | Reached XP level 8. HP: 56/56 MP: 9/9
  4121 | D:5      | Found an opulent altar of Gozag.
  4301 | D:5      | Found a staircase to the Ecumenical Temple.
  4311 | Temple   | Entered the Ecumenical Temple
  4618 | Temple   | Became a worshipper of Dithmenos the Shadowed
  4732 | D:5      | Reached skill level 1 in Invocations
  4732 | D:5      | Reached skill level 3 in Evocations
  5149 | D:6      | Found Hetag's Assorted Antiques.
  5364 | D:5      | Reached skill level 8 in Stealth
  5364 | D:5      | Reached skill level 2 in Invocations
  5466 | D:6      | Found a hazy altar of Hepliaklqana.
  5492 | D:6      | Reached skill level 3 in Invocations
  5511 | D:6      | Found a glowing golden altar of the Shining One.
  5541 | D:6      | Reached skill level 5 in Short Blades
  5647 | D:6      | Reached * piety under Dithmenos
  5683 | D:6      | Bought a bubbling pink potion for 27 gold pieces
  5683 | D:6      | Bought a bubbling brown potion for 27 gold pieces
  5683 | D:6      | Bought 2 scrolls labeled LYEXOPH DIPOPA for 62 gold pieces
  5683 | D:6      | Bought a curved ivory wand for 124 gold pieces
  5970 | D:6      | Reached skill level 4 in Invocations
  5970 | D:6      | Gained mutation: You have hoof-like feet. [demonic ancestry]
  5970 | D:6      | Reached XP level 9. HP: 51/61 MP: 9/12
  6410 | D:6      | HP: 1/61 [electric eel/bolt of electricity (8)]
  6879 | D:6      | Reached skill level 4 in Evocations
  7008 | D:6      | Reached skill level 5 in Invocations
  7190 | D:7      | Noticed Prince Ribbit
  7195 | D:7      | Killed Prince Ribbit
  7195 | D:7      | Reached skill level 5 in Throwing
  7342 | D:7      | Noticed Paps's ghost (novice OpAs)
  7473 | D:7      | Found a bloodstained altar of Trog.
  7527 | D:7      | Found a flagged portal.
  7546 | Bailey   | Entered a bailey
  7855 | Bailey   | Reached skill level 9 in Stealth
  8094 | Bailey   | Reached ** piety under Dithmenos
  8149 | Bailey   | Reached skill level 6 in Invocations
 10315 | Bailey   | Reached skill level 7 in Invocations
 10685 | Bailey   | Reached XP level 10. HP: 49/67 MP: 9/15
 10815 | Bailey   | Got a smoking executioner's axe {flame}
 10933 | Bailey   | Identified the cursed +1 executioner's axe of Usofiquk {flame, Str+3 Int+4 Stlth-} (You took it off an orc warrior in a bailey)
 11016 | Bailey   | Reached skill level 5 in Evocations
 11447 | D:7      | Found a runed door.
 11761 | D:7      | Killed Paps's ghost
 11924 | D:7      | Reached skill level 6 in Short Blades
 11974 | D:7      | Reached skill level 8 in Invocations
 12100 | D:7      | Noticed Menkaure
 12110 | D:7      | Killed Menkaure
 12210 | D:7      | Noticed Crazy Yiuf
 12214 | D:7      | Killed Crazy Yiuf
 12593 | D:8      | Reached skill level 6 in Throwing
 13086 | D:8      | Reached skill level 10 in Stealth
 13087 | D:8      | Reached *** piety under Dithmenos
 13087 | D:8      | Reached skill level 9 in Invocations
 13309 | D:8      | Noticed a two-headed ogre
 13367 | D:8      | Killed a two-headed ogre
 13435 | D:8      | Reached skill level 9 in Fighting
 13435 | D:8      | Reached skill level 8 in Short Blades
 13435 | D:8      | Reached XP level 11. HP: 78/89 MP: 17/17
 15034 | D:9      | Found a staircase to the Orcish Mines.
 15593 | D:9      | Noticed a two-headed ogre
 15621 | D:9      | Killed a two-headed ogre
 15621 | D:9      | Reached **** piety under Dithmenos
 15738 | D:9      | Noticed Grum
 15813 | D:9      | Killed Grum
 15825 | D:9      | Reached skill level 6 in Evocations
 15849 | D:9      | Reached skill level 10 in Invocations
 16127 | D:9      | Reached XP level 12. HP: 97/97 MP: 19/19
 16342 | D:10     | Entered Level 10 of the Dungeon
 16792 | D:10     | Found a blossoming altar of Fedhas.
 17151 | D:11     | Noticed Erolcha
 17156 | D:11     | Killed Erolcha
 17156 | D:11     | Reached skill level 10 in Fighting
 17412 | D:11     | Reached skill level 9 in Short Blades
 17531 | D:11     | Noticed a two-headed ogre
 17534 | D:11     | Killed a two-headed ogre
 17577 | D:11     | Reached skill level 11 in Stealth
 17648 | D:11     | Learned a level 3 spell: Regeneration
 17650 | D:11     | Learned a level 1 spell: Animate Skeleton
 17654 | D:11     | Learned a level 3 spell: Vampiric Draining
 17951 | D:11     | Noticed Harold
 17992 | D:11     | Killed Harold
 18237 | D:11     | Found a staircase to the Lair.
 18349 | D:11     | Reached skill level 11 in Invocations
 18587 | Lair:1   | Entered Level 1 of the Lair of Beasts
 18627 | Lair:1   | Noticed a five-headed hydra
 18632 | Lair:1   | Killed a five-headed hydra
 18632 | Lair:1   | Reached skill level 7 in Throwing
 18677 | Lair:1   | Noticed a six-headed hydra
 18723 | Lair:1   | Killed a six-headed hydra
 19202 | Lair:1   | Learned a level 2 spell: Ensorcelled Hibernation
 19279 | Lair:1   | Noticed a four-headed hydra
 19284 | Lair:1   | Killed a four-headed hydra
 19284 | Lair:1   | Reached skill level 1 in Hexes
 19342 | Lair:1   | Noticed an eight-headed hydra
 19352 | Lair:1   | Killed an eight-headed hydra
 19406 | Lair:1   | Reached skill level 1 in Spellcasting
 19532 | Lair:1   | Learned a level 3 spell: Confuse
 20054 | Lair:2   | Reached XP level 13. HP: 46/105 MP: 2/21
 20205 | Lair:2   | Slain by a komodo dragon

Vault maps used:
D:1:      erik_arrival_gehennom
D:2:      chequers_temple_overflow_minitemple, okawaru_gym_becter
D:4:      lemuel_round_altar, first_bread, uniq_pikel
D:5:      overflow_temple_1_default, nicolae_overflow_crystal_walls,
          minmay_temple_entry_overgrown, uniq_sigmund
D:6:      cheibrodos_two_vegetables, nicolae_overflow_hidden_temple,
          serial_shops, shop_fountains, nicolae_tso_swordbearing_angel
D:7:      kennysheep_mini, enter_bailey_2, grunt_livestock, uniq_menkaure,
          uniq_prince_ribbit1, uniq_crazy_yiuf_cottage
D:9:      erik_orc_4, uniq_grum
D:10:     library_closet, fedhas_altar_2
D:11:     grunt_lair_entry_orc_guard_hut, uniq_erolcha, uniq_harold
Temple:   hc_temple_tempest_star
Lair:2:   regret_index_wax_grids, minmay_shoals_entry_lonely_mermaid,
          lemuel_fruit_fields
Bailey:   bailey_polearm_flooded_kennysheep, bailey

Skill      XL: |  1  2  3  4  5  6  7  8  9 10 11 12 |
---------------+-------------------------------------+-----
Short Blades   | 2 3 4 5 8 9 |  9.5
Throwing       | 2 3 4 5 6 7 |  7.4
Stealth        | 4 5 6 7 8 9 10 11 | 11.8
Evocations     | 1 2 3 4 5 6 |  6.8
Invocations    | 4 7 9 10 11 | 11.8
Fighting       | 9 10 | 10.9
Hexes          | 1 |  1.9
Spellcasting   | 1 |  1.3
Dodging        | |  0.8

Action                   |  1- 3 |  4- 6 |  7- 9 | 10-12 | 13-15 || total
-------------------------+-------+-------+-------+-------+-------++-------
Melee: Dagger            |   116 |   177 |   504 |   950 |       ||  1747
       Kick              |    24 |    20 |       |       |       ||    44
       Trident           |       |       |    39 |       |       ||    39
       Spear             |       |       |     6 |       |       ||     6
       Short sword       |       |       |       |   220 |       ||   220
 Fire: Blowgun           |       |    13 |    99 |   129 |       ||   241
Throw: Javelin           |       |       |       |     1 |       ||     1
       Throwing net      |       |       |       |     1 |       ||     1
 Cast: Ensorcelled Hiber |       |       |       |     4 |       ||     4
Invok: Shadow Step       |       |       |       |     4 |       ||     4
Evoke: Wand              |       |       |    12 |    17 |     1 ||    30
  Use: Scroll            |       |       |     7 |     3 |       ||    10
       Potion            |       |       |       |     1 |       ||     1
 Stab: Sleeping          |     6 |     4 |    17 |    31 |       ||    58
       Distracted        |     1 |     2 |     5 |     4 |       ||    12
       Paralysed         |       |       |     4 |     5 |       ||     9
       Confused          |       |       |       |     5 |       ||     5
       Held in net/web   |       |       |       |     2 |       ||     2
  Eat: Chunk             |       |     9 |    17 |    23 |     2 ||    51
       Fruit             |       |       |     3 |     1 |       ||     4
       Royal jelly       |       |       |     1 |     3 |       ||     4
Armor: Robe              |    28 |    33 |   160 |   211 |       ||   432
Dodge: Dodged            |    77 |    83 |   387 |   525 |       ||  1072
